 Dungeon Crawl Stone Soup version 0.18.1-48-g4cf74bf (webtiles) character file.

1388 Krapule the Charmwright (level 9, 0/66 HPs)
             Began as a Human Skald on Aug 8, 2016.
             Was an Initiate of Cheibriados.
             Slain by an ogre
             ... wielding a +0 giant spiked club
              (13 damage)
             ... on level 7 of the Dungeon on Aug 9, 2016.
             The game lasted 00:33:12 (9668 turns).

Krapule the Charmwright (Human Skald)               Turns: 9668, Time: 00:33:12

Health: 0/66       AC:  7    Str: 22      XL:     9   Next: 0%
Magic:  6/13       EV: 13    Int: 17      God:    Cheibriados [......]
Gold:   99         SH:  0    Dex: 11 (14) Spells: 3 memorised, 8 levels left

rFire  . . .     SeeInvis .     s - +0 trident
rCold  . . .     Gourm    .     G - +0 robe "Harur" {rCorr Dex+4 Stlth+} (curse)
rNeg   + . .     Faith    .     (no shield)
rPois  .         Spirit   .     E - +0 helmet
rElec  .         Dismiss  .     I - +1 cloak "Takiheim" {rN+ Int+4 Dex-3}
rCorr  +         Reflect  .     (no gloves)
SustAt .         Harm     .     p - +0 pair of boots
MR     .....                    (no amulet)
Stlth  +.........               e - +1 ring of slaying
                                t - +4 ring of strength

@: confused, glowing, very slow, not resistant to hostile enchantments, very
unstealthy
A: no striking features
a: Bend Time, Renounce Religion


You were on level 7 of the Dungeon.
You worshipped Cheibriados.
Cheibriados was noncommittal.
You were hungry.

You visited 2 branches of the dungeon, and saw 8 of its levels.

You collected 346 gold pieces.
You spent 247 gold pieces at shops.

Inventory:

Hand Weapons
 a - a +0 spear
 s - a +0 trident (weapon)
Armour
 h - a +0 ring mail
 p - a +0 pair of boots (worn)
 E - a +0 helmet (worn)
 G - the cursed +0 robe "Harur" (worn) {rCorr Dex+4 Stlth+}
   (You found it on level 5 of the Dungeon)

   It affects your dexterity (+4).
   It protects you from acid and corrosion.
   It makes you more stealthy.
   It has a curse placed upon it.
 H - a +0 cloak
 I - the +1 cloak "Takiheim" (worn) {rN+ Int+4 Dex-3}
   (You bought it in a shop on level 6 of the Dungeon)

   It affects your intelligence (+4).
   It affects your dexterity (-3).
   It protects you from negative energy.
Jewellery
 e - a +1 ring of slaying (right hand)
 i - an uncursed ring of stealth
 t - a +4 ring of strength (left hand)
 w - an uncursed amulet of faith
 K - an uncursed ring of poison resistance {unknown}
Wands
 B - a wand of confusion (37/48)
Scrolls
 b - 2 scrolls of teleportation {unknown}
 j - 4 scrolls of enchant weapon {unknown}
 o - 3 scrolls of identify
 q - 2 scrolls of fog {unknown}
 v - a scroll of recharging {unknown}
 y - 4 scrolls of remove curse {unknown}
 A - a scroll of fear {unknown}
 C - a scroll of random uselessness {unknown}
 D - a scroll of enchant armour {unknown}
 J - a scroll of blinking {unknown}
Potions
 f - a potion of resistance
 g - a potion of heal wounds {unknown}
 k - 2 potions of lignification
 l - 4 potions of brilliance {unknown}
 m - a potion of berserk rage
 n - a potion of degeneration {unknown}
 r - 2 potions of might {unknown}
 F - 2 potions of curing {unknown}
Books
 c - a book of Battle

   Spells                             Type                      Level
   a - Infusion                       Charms                       1
   b - Shroud of Golubria             Charms/Translocation         2
   c - Song of Slaying                Charms                       2
   d - Spectral Weapon                Hexes/Charms                 3
   e - Regeneration                   Charms/Necromancy            3
 z - a book of Summonings

   Spells                             Type                      Level
   a - Recall                         Summoning/Translocation      3
   b - Aura of Abjuration             Summoning                    5
   c - Summon Demon                   Summoning                    5
   d - Summon Forest                  Summoning/Translocation      5
   e - Summon Mana Viper              Hexes/Summoning              5
   f - Shadow Creatures               Summoning                    6
Comestibles
 d - 6 bread rations
 u - 4 fruits
 x - 4 meat rations


   Skills:
 + Level 4.6 Fighting
 + Level 4.9 Polearms
 + Level 4.6 Armour
 + Level 4.4 Dodging
 - Level 3.0 Spellcasting
 + Level 1.0 Hexes
 + Level 5.0 Charms
 + Level 0.7 Invocations


You had 8 spell levels left.
You knew the following spells:

 Your Spells              Type           Power        Failure   Level  Hunger
a - Infusion              Chrm           ###.         2%          1    None
q - Song of Slaying       Chrm           ###.....     3%          2    ##.....
z - Spectral Weapon       Hex/Chrm       ##......     17%         3    ###....


Dungeon Overview and Level Annotations

Branches:
Dungeon (7/15)             Temple (1/1) D:6

Altars:
Ashenzari
Cheibriados
Dithmenos
Elyvilon
Fedhas
Gozag
Kikubaaqudgha
Makhleb
Nemelex Xobeh
Okawaru
Pakellas
Qazlal
Ru
Sif Muna
Trog
Vehumet
Xom
Yredelemnul
Zin

Shops:
D:4 :   D:6 [

Annotations:
D:4 MTVSty1e's ghost, novice GrFi
D:6 torvon's ghost, novice MfSk
D:7 Pikel; juanjsm's ghost, novice SpEn


Message History

You now have 99 gold pieces (gained 17).
Your song has ended.
Juanjsm's ghost hits you but does no damage.
The ogre hits you with a giant spiked club!
For a moment, you lose track of juanjsm's ghost.
Juanjsm's ghost hits you but does no damage.
Juanjsm's ghost gestures at you while chanting.
You are confused.
The ogre barely misses you.
Juanjsm's ghost gestures at you while chanting.
The spray of energy hits you!
* * * LOW HITPOINT WARNING * * *
You are more confused.
You bump into the rock wall.
The crimson imp hits you but does no damage.
You're too confused to move!
The crimson imp blinks!
Juanjsm's ghost hits you.
* * * LOW HITPOINT WARNING * * *
You bump into the rock wall.
The ogre hits you with a giant spiked club!
You die...

....... ...... ..... ...#
############# ...#
#...(.......#######...#
#.#######......O......#
#####.#######W#.####.......'..
#............@OZ...5.......#..
#.###.###.....#...........##
#.# #.# #.#.#.#.#####.#...#
#.# #.# # #.#.#.# #.#...# #.#
#.###.#.#...# #.#...?. #.#
#.....p...#.. #....... #.#
#.$pp....###. #.# ... #..<# .
#.# #..........


You could see an ogre, juanjsm's ghost, a crimson imp and a hobgoblin zombie.

Vanquished Creatures
  Eustachio (D:5)
  3 ogres
  A centaur (D:4)
  A giant frog (D:6)
  A scorpion (D:5)
  2 howler monkeys (D:5)
  A crimson imp (D:7)
  3 hounds
  Crazy Yiuf (D:6)
  4 orc wizards
  6 worker ants
  7 gnolls
  12 adders
  3 shadow imps
  2 oozes
  An adder skeleton (D:4)
  2 worms (D:2)
  2 dart slugs
  5 giant geckos
  20 orcs
  6 giant cockroaches
  7 hobgoblins
  3 jackals (D:5)
  7 quokkas
  9 bats
  A giant cockroach zombie (D:5)
  2 giant newts
  7 goblins
  A goblin skeleton (D:7)
  11 kobolds
  A quokka skeleton (D:5)
  3 rats
136 creatures vanquished.

Vanquished Creatures (others)
  A spectral weapon (D:7)
1 creature vanquished.

Grand Total: 137 creatures vanquished

Notes
Turn   | Place    | Note
--------------------------------------------------------------
     0 | D:1      | Krapule the Human Skald began the quest for the Orb.
     0 | D:1      | Reached XP level 1. HP: 16/16 MP: 3/3
   581 | D:1      | Reached XP level 2. HP: 16/22 MP: 5/5
   920 | D:1      | Learned a level 2 spell: Song of Slaying
   952 | D:2      | Reached XP level 3. HP: 22/28 MP: 3/6
  1641 | D:2      | Reached XP level 4. HP: 22/34 MP: 3/7
  2884 | D:3      | You fall through a shaft for 3 floors!
  2895 | D:6      | Noticed a giant frog
  2900 | D:6      | Noticed an ogre
  2903 | D:6      | Killed a giant frog
  2903 | D:6      | Reached XP level 5. HP: 41/41 MP: 2/8
  2915 | D:6      | Killed an ogre
  2915 | D:6      | Reached XP level 6. HP: 32/47 MP: 0/10
  3388 | D:6      | Noticed an ogre
  3415 | D:6      | Killed an ogre
  3647 | D:6      | Noticed torvon's ghost (novice MfSk)
  3670 | D:5      | Entered Level 5 of the Dungeon
  3711 | D:4      | Noticed MTVSty1e's ghost (novice GrFi)
  3734 | D:5      | Reached XP level 7. HP: 22/52 MP: 11/11
  4064 | D:4      | Found an iron altar of Okawaru.
  4107 | D:4      | Reached skill level 4 in Charms
  4872 | D:3      | Found a shimmering altar of Xom.
  4874 | D:3      | Found a bloodstained altar of Trog.
  4874 | D:3      | Found a basalt altar of Yredelemnul.
  4874 | D:3      | Found a blossoming altar of Fedhas.
  4875 | D:3      | Found an ancient bone altar of Kikubaaqudgha.
  4876 | D:3      | Found an oddly glowing altar of Pakellas.
  4877 | D:3      | Found a shadowy altar of Dithmenos.
  4878 | D:3      | Found a radiant altar of Vehumet.
  4879 | D:3      | Found an opulent altar of Gozag.
  6054 | D:4      | Found Ufeasud's Book Shop.
  6639 | D:5      | Noticed Eustachio
  6648 | D:5      | Reached XP level 8. HP: 55/60 MP: 12/12
  6761 | D:5      | Killed Eustachio
  7121 | D:5      | Got a distressingly furry robe
  7132 | D:5      | Identified the cursed +0 robe "Harur" {rCorr Dex+4 Stlth+} (You found it on level 5 of the Dungeon)
  7548 | D:5      | Learned a level 3 spell: Spectral Weapon
  7986 | D:5      | Found a snail-covered altar of Cheibriados.
  8432 | D:6      | Found Oplall's Antique Armour Emporium.
  8440 | D:6      | Bought a brightly glowing cloak for 247 gold pieces
  8450 | D:6      | Identified the +1 cloak "Takiheim" {rN+ Int+4 Dex-3} (You bought it in a shop on level 6 of the Dungeon)
  8511 | D:6      | Found a staircase to the Ecumenical Temple.
  8532 | Temple   | Entered the Ecumenical Temple
  8810 | D:5      | Found a white marble altar of Elyvilon.
  8819 | D:5      | Became a worshipper of Cheibriados the Contemplative
  8903 | D:5      | Reached skill level 5 in Charms
  9198 | D:6      | Noticed Crazy Yiuf
  9207 | D:6      | Killed Crazy Yiuf
  9264 | D:7      | Noticed Pikel
  9622 | D:7      | Noticed juanjsm's ghost (novice SpEn)
  9654 | D:7      | Reached skill level 1 in Hexes
  9654 | D:7      | Reached XP level 9. HP: 39/66 MP: 4/13
  9668 | D:7      | Slain by an ogre

Skill      XL: |  1  2  3  4  5  6  7  8 |
---------------+-------------------------+-----
Dodging        | 2 3 4 |  4.4
Fighting       | 3 4 |  4.6
Armour         | 2 3 4 |  4.6
Polearms       | 3 4 |  4.9
Spellcasting   | 3 |  3.0
Charms         | 4 5 |  5.0
Hexes          | 1 |  1.0
Invocations    | |  0.7

Action                   |  1- 3 |  4- 6 |  7- 9 || total
-------------------------+-------+-------+-------++-------
Melee: Spear             |   145 |   183 |       ||   328
       Trident           |       |    19 |   494 ||   513
 Cast: Infusion          |     1 |     2 |     3 ||     6
       Song of Slaying   |       |       |     2 ||     2
       Spectral Weapon   |       |       |     1 ||     1
  Use: Scroll            |     1 |     2 |     1 ||     4
       Potion            |       |     2 |     1 ||     3
 Stab: Distracted        |       |       |     1 ||     1
       Sleeping          |       |       |     1 ||     1
  Eat: Chunk             |     1 |     8 |    19 ||    28
       Beef jerky        |       |     1 |       ||     1
Armor: Chain mail        |    67 |       |       ||    67
       Leather armour    |     3 |       |       ||     3
       Ring mail         |     3 |    73 |   155 ||   231
       Robe              |       |       |    48 ||    48
Dodge: Dodged            |    36 |   108 |   350 ||   494
